WCHLSIM.com - West Coast Hockey League
Dernière mise à jour: 2025-12-07 16:11:59
html PUBLIC "-//W3C//DTD XHTML 1.0 Transitional//EN" "http://www.w3.org/TR/xhtml1/DTD/xhtml1-transitional.dtd"> WCHL - Game 377 - WINNIPEG BEAVERS vs OAKLAND GORILLAS

WINNIPEG BEAVERS vs OAKLAND GORILLAS

Created - 8 décembre 2024 at 11:19

Goals
1 2 3 T
WINNIPEG BEAVERS 1 1 0 2
OAKLAND GORILLAS 1 1 1 3
Shots
1 2 3 T
WINNIPEG BEAVERS 7 12 13 32
OAKLAND GORILLAS 10 6 11 27

1st period

1. WINNIPEG BEAVERS , James van Riemsdyk 2 (Sam Bennett 11, John Carlson 10) at 7:59
2. OAKLAND GORILLAS , Alex Pietrangelo 4 (Brock Nelson 17, Elvis Merzlikins) at 9:43 (PP)

Penalties :
Sam Bennett (WIN) for Boarding (Minor) at 8:11, Cameron York (OAK) for Interference (Minor) at 11:18, Vincent Desharnais (OAK) for Holding (Minor) at 15:39

2nd period

3. OAKLAND GORILLAS , Alexander Holtz 4 (Logan Couture 5, Nico Hischier 13) at 8:02
4. WINNIPEG BEAVERS , Jonathan Audy-Marchessault 9 (Brayden Schenn 11, Nikolaj Ehlers 6) at 14:22

Penalties :
Victor Hedman (WIN) for Slashing (Minor) at 5:51, Alexander Holtz (OAK) for High sticking (Minor) at 8:17, Jeremy Lauzon (WIN) for Holding (Minor) at 12:06

3rd period

5. OAKLAND GORILLAS , Alex Killorn 8 (Cameron York 8, Brock Nelson 18) at 0:23

Penalties :
Jeremy Lauzon (WIN) for Hooking (Minor) at 2:36, Cameron York (OAK) for Holding (Minor) at 5:26

Goalie Stats

Logan Thompson (WIN), 24 saves from 27 shots - (0,889), L, 10-10-3, 59:06 minutes
Elvis Merzlikins (OAK), 30 saves from 32 shots - (0,938), W, 5-2-1, 60:00 minutes

Players Stats for WINNIPEG BEAVERS

Player Name              G  A  P  +/- PIM S  H  SB GA TA FO     MP     PP MP  PK MP  
------------------------------------------------------------------------------------
Adam Larsson             0  0  0   1  0   2  1  0  0  0  0/0    23:41   4:17   4:40 
Brandon Saad             0  0  0   0  0   2  0  0  0  0  1/1    18:33   4:47   4:18 
Brayden Schenn           0  1  1  -1  0   0  2  0  0  0  12/29  19:45   4:47   0:00 
Cal Clutterbuck          0  0  0   0  0   0  0  0  0  0  1/2    11:02   0:00   1:51 
James van Riemsdyk       1  0  1   1  0   3  0  0  0  0  0/0    13:58   0:00   0:00 
Jeremy Lauzon            0  0  0   0  4   0  3  0  0  0  0/0    13:48   0:00   0:00 
John Carlson             0  1  1   1  0   0  2  1  0  0  0/0    21:29   3:39   2:49 
Jonathan Audy-Marchessau 1  0  1  -1  0   14 2  0  0  0  0/1    20:04   4:47   0:19 
Kiefer Sherwood          0  0  0   0  0   2  0  0  0  0  0/0     6:28   0:00   0:00 
Marcus Foligno           0  0  0   1  0   2  1  0  0  0  1/2    19:59   3:09   2:52 
Nick Cousins             0  0  0   0  0   1  0  0  0  0  2/6     6:28   0:00   0:00 
Nikolaj Ehlers           0  1  1  -1  0   1  0  0  0  0  0/1    17:50   3:09   0:00 
Ryan Reaves              0  0  0   0  0   0  0  0  0  0  0/0     6:28   0:00   0:00 
Sam Bennett              0  1  1   1  2   1  0  0  0  0  9/19   19:08   3:09   2:02 
Scott Mayfield           0  0  0  -1  0   1  0  0  0  0  0/0    14:25   0:00   0:52 
Sean Kuraly              0  0  0   0  0   0  2  0  0  0  8/17   12:47   0:00   3:36 
Seth Jones               0  0  0   0  0   1  4  1  0  0  0/0    23:37   4:17   3:19 
Victor Hedman            0  0  0  -1  2   2  2  0  0  0  0/0    22:57   3:39   3:18 

Players Stats for OAKLAND GORILLAS

Player Name              G  A  P  +/- PIM S  H  SB GA TA FO     MP     PP MP  PK MP  
------------------------------------------------------------------------------------
Alex Killorn             1  0  1   1  0   1  2  0  0  0  3/6    21:49   4:22   2:57 
Alex Pietrangelo         1  0  1   1  0   4  1  2  0  0  0/0    24:58   4:22   3:43 
Alexander Holtz          1  0  1   0  2   2  0  0  0  0  1/3    14:06   0:00   0:00 
Andrew Cogliano          0  0  0  -1  0   1  0  0  0  0  0/0    15:54   3:07   0:00 
Brock Nelson             0  2  2   1  0   4  1  1  0  0  14/27  26:36   4:22   4:33 
Cameron York             0  1  1   1  4   1  2  3  0  0  0/0    24:54   4:22   1:43 
Colton Sissons           0  0  0   1  0   1  1  0  0  0  2/3    21:49   4:22   2:57 
Dante Fabbro             0  0  0   0  0   0  1  1  0  0  0/0    12:38   0:00   0:45 
Dmitri Orlov             0  0  0  -1  0   0  1  0  0  0  0/0    22:20   3:07   4:37 
Eric Robinson            0  0  0   0  0   0  1  0  0  0  1/1     3:11   0:00   0:00 
Justin Holl              0  0  0   0  0   1  1  0  0  0  0/0    14:59   0:00   2:38 
Logan Couture            0  1  1   0  0   0  0  0  0  0  10/11  14:07   0:00   0:00 
Mavrik Bourque           0  0  0   0  0   0  0  0  0  0  2/5     3:11   0:00   0:00 
Michael Eyssimont        0  0  0   0  0   2  2  0  0  0  1/2    14:33   0:00   0:26 
Nico Hischier            0  1  1  -1  0   8  0  0  0  0  9/19   20:53   3:07   4:59 
Patrik Laine             0  0  0  -1  0   2  0  0  0  0  1/1    15:54   3:07   0:00 
Ryan Lomberg             0  0  0   0  0   0  0  0  0  0  0/0     0:00   0:00   0:00 
Vincent Desharnais       0  0  0  -1  2   0  1  1  0  0  0/0    20:08   3:07   2:26 

3 Stars

1 - Alex Killorn (OAK)
2 - Alex Pietrangelo (OAK)
3 - Brock Nelson (OAK)

Power Play

WINNIPEG BEAVERS - 0 on 4 Attempt(s) - 0,00%
OAKLAND GORILLAS - 1 on 4 Attempt(s) - 25,00%

Penalty Kill

WINNIPEG BEAVERS - 3 on 4 Attempt(s) - 75,00% - Score 0 goal in Penalty Kill
OAKLAND GORILLAS - 4 on 4 Attempt(s) - 100,00% - Score 0 goal in Penalty Kill

Team Stat

WINNIPEG BEAVERS - Hits : 19 - Faceoff Wins : 34 - Blocked Shots : 2 - Penalty Minutes : 8
OAKLAND GORILLAS - Hits : 14 - Faceoff Wins : 44 - Blocked Shots : 8 - Penalty Minutes : 8

Official

Referees : Garrett Rank and Brandon Schrader
Linesman : Robb Harrell and Kyle Larson

Game Notes

No Game Note

Finance

Level 1 -- Attendance: 4705 (78,42%) -- Ticket Income 846 900 $
Level 2 -- Attendance: 5000 (100,00%) -- Ticket Income 500 000 $
Level 3 -- Attendance: 1702 (85,10%) -- Ticket Income 161 690 $
Level 4 -- Attendance: 3291 (82,28%) -- Ticket Income 246 825 $
Luxury Box -- Attendance: 1000 (100,00%) -- Ticket Income 240 000 $
Total Attendance: 15698 (87,21%)
Total Ticket Income: 1 995 415 $
Other Expense: 19 954 $
Total Income: 1 975 461 $

WINNIPEG BEAVERS

5 vs 5 Forward 
   Center                   Left Wing                Right Wing               Time % Phy DF OF 
 1 Brayden Schenn           Nikolaj Ehlers           Jonathan Audy-Marchessaul36     0   2  3  
 2 Sam Bennett              James van Riemsdyk       Marcus Foligno           34     1   2  2  
 3 Sean Kuraly              Brandon Saad             Cal Clutterbuck          26     2   2  1  
 4 Nick Cousins             Kiefer Sherwood          Ryan Reaves              4      2   3  0  

5 vs 5 Defense 
   Defense                  Defense                                           Time % Phy DF OF 
 1 Victor Hedman            Seth Jones                                        35     0   2  3  
 2 John Carlson             Adam Larsson                                      33     0   3  2  
 3 Jeremy Lauzon            Scott Mayfield                                    28     1   3  1  
 4 Victor Hedman            Seth Jones                                        4      1   2  2  

PowerPlay Forward 
   Center                   Left Wing                Right Wing               Time % Phy DF OF 
 1 Brayden Schenn           Jonathan Audy-MarchessaulBrandon Saad             52     0   0  5  
 2 Sam Bennett              Nikolaj Ehlers           Marcus Foligno           48     1   0  4  

PowerPlay Defense
   Defense                  Defense                                           Time % Phy DF OF 
 1 Victor Hedman            John Carlson                                      53     0   1  4  
 2 Seth Jones               Adam Larsson                                      47     0   1  4  

Penalty Kill 4 Players Forward 
   Center                   Wing                     Time % Phy DF OF 
 1 Sam Bennett              Marcus Foligno           51     1   4  0  
 2 Sean Kuraly              Brandon Saad             49     1   4  0  

Penalty Kill 4 Players Defense
   Defense                  Defense                  Time % Phy DF OF 
 1 Victor Hedman            Adam Larsson             52     1   4  0  
 2 John Carlson             Seth Jones               48     0   4  1  

Penalty Kill - 3 Players Forward 
   Forward                                           Time % Phy DF OF 
 1 Brayden Schenn                                    55     1   2  2  
 2 Sam Bennett                                       45     1   2  2  

Penalty Kill - 3 Players Defense
   Defense                  Defense                  Time % Phy DF OF 
 1 Victor Hedman            Adam Larsson             55     0   5  0  
 2 John Carlson             Seth Jones               45     0   5  0  

4 vs 4 Forward 
   Center                   Wing                     Time % Phy DF OF 
 1 Sam Bennett              Jonathan Audy-Marchessaul52     1   2  2  
 2 Brayden Schenn           Nikolaj Ehlers           48     1   2  2  

4 vs 4 Defense
   Defense                  Defense                  Time % Phy DF OF 
 1 Victor Hedman            John Carlson             55     1   2  2  
 2 Seth Jones               Adam Larsson             45     1   2  2  

Last Minutes Offensive
   Center                   Left Wing                Right Wing               Defense                  Defense                  
   Brayden Schenn           Jonathan Audy-MarchessaulBrandon Saad             Victor Hedman            John Carlson             

Last Minutes Defensive
   Center                   Left Wing                Right Wing               Defense                  Defense                  
   Brayden Schenn           Jonathan Audy-MarchessaulBrandon Saad             Victor Hedman            John Carlson             

Goaltenders
Starting : Logan Thompson           
Backup : James Reimer             

Extra Forwards
Normal : James van Riemsdyk, Sean Kuraly, Cal Clutterbuck - PP : James van Riemsdyk, Sean Kuraly - PK : Cal Clutterbuck
Extra Defensemen
Normal : Jeremy Lauzon, Scott Mayfield, Seth Jones - PP : Jeremy Lauzon - PK : Scott Mayfield, Seth Jones
Penalty Shots
Brayden Schenn, Jonathan Audy-Marchessault, Victor Hedman, Nikolaj Ehlers, Brandon Saad
Custom OT Lines Forwards
Brayden Schenn, Jonathan Audy-Marchessault, Kiefer Sherwood, Nikolaj Ehlers, Brandon Saad, James van Riemsdyk, Marcus Foligno, Sean Kuraly, Cal Clutterbuck, Nick Cousins
Custom OT Lines Defensemen
Victor Hedman, John Carlson, Seth Jones, Adam Larsson, Jeremy Lauzon

Scratches
None

OAKLAND GORILLAS

5 vs 5 Forward 
   Center                   Left Wing                Right Wing               Time % Phy DF OF 
 1 Brock Nelson             Alex Killorn             Colton Sissons           36     1   2  2  
 2 Nico Hischier            Andrew Cogliano          Patrik Laine             31     1   2  2  
 3 Logan Couture            Michael Eyssimont        Alexander Holtz          23     1   2  2  
 4 Mavrik Bourque           Eric Robinson            Brock Nelson             10     1   2  2  

5 vs 5 Defense 
   Defense                  Defense                                           Time % Phy DF OF 
 1 Alex Pietrangelo         Cameron York                                      36     1   2  2  
 2 Dmitri Orlov             Vincent Desharnais                                31     1   2  2  
 3 Dante Fabbro             Justin Holl                                       23     1   2  2  
 4 Alex Pietrangelo         Cameron York                                      10     1   2  2  

PowerPlay Forward 
   Center                   Left Wing                Right Wing               Time % Phy DF OF 
 1 Brock Nelson             Alex Killorn             Colton Sissons           55     1   2  2  
 2 Nico Hischier            Andrew Cogliano          Patrik Laine             45     1   2  2  

PowerPlay Defense
   Defense                  Defense                                           Time % Phy DF OF 
 1 Alex Pietrangelo         Cameron York                                      55     1   2  2  
 2 Dmitri Orlov             Vincent Desharnais                                45     1   2  2  

Penalty Kill 4 Players Forward 
   Center                   Wing                     Time % Phy DF OF 
 1 Brock Nelson             Nico Hischier            55     1   2  2  
 2 Alex Killorn             Colton Sissons           45     1   2  2  

Penalty Kill 4 Players Defense
   Defense                  Defense                  Time % Phy DF OF 
 1 Alex Pietrangelo         Cameron York             55     1   2  2  
 2 Dmitri Orlov             Vincent Desharnais       45     1   2  2  

Penalty Kill - 3 Players Forward 
   Forward                                           Time % Phy DF OF 
 1 Brock Nelson                                      55     1   2  2  
 2 Nico Hischier                                     45     1   2  2  

Penalty Kill - 3 Players Defense
   Defense                  Defense                  Time % Phy DF OF 
 1 Alex Pietrangelo         Cameron York             55     1   2  2  
 2 Dmitri Orlov             Vincent Desharnais       45     1   2  2  

4 vs 4 Forward 
   Center                   Wing                     Time % Phy DF OF 
 1 Brock Nelson             Nico Hischier            55     1   2  2  
 2 Alex Killorn             Colton Sissons           45     1   2  2  

4 vs 4 Defense
   Defense                  Defense                  Time % Phy DF OF 
 1 Alex Pietrangelo         Cameron York             55     1   2  2  
 2 Dmitri Orlov             Vincent Desharnais       45     1   2  2  

Last Minutes Offensive
   Center                   Left Wing                Right Wing               Defense                  Defense                  
   Brock Nelson             Alex Killorn             Colton Sissons           Alex Pietrangelo         Cameron York             

Last Minutes Defensive
   Center                   Left Wing                Right Wing               Defense                  Defense                  
   Brock Nelson             Alex Killorn             Colton Sissons           Alex Pietrangelo         Cameron York             

Goaltenders
Starting : Elvis Merzlikins         
Backup : Karel Vejmelka           

Extra Forwards
Normal : Ryan Lomberg, Logan Couture, Michael Eyssimont - PP : Ryan Lomberg, Logan Couture - PK : Michael Eyssimont
Extra Defensemen
Normal : Dante Fabbro, Justin Holl, Dmitri Orlov - PP : Dante Fabbro - PK : Justin Holl, Dmitri Orlov
Penalty Shots
Brock Nelson, Nico Hischier, Alex Killorn, Colton Sissons, Logan Couture
Custom OT Lines Forwards
Brock Nelson, Nico Hischier, Alex Killorn, Colton Sissons, Logan Couture, Andrew Cogliano, Patrik Laine, Michael Eyssimont, Alexander Holtz, Mavrik Bourque
Custom OT Lines Defensemen
Alex Pietrangelo, Cameron York, Dmitri Orlov, Vincent Desharnais, Dante Fabbro

Scratches
None


% Time on Ice - WINNIPEG BEAVERS

Lines # - Real PCT - Wanted PCT - Time Play
Normal Forward
1 - 33% - 36% - 14:41
2 - 32% - 34% - 13:58
3 - 21% - 26% - 9:11
4 - 15% - 4% - 6:28
Normal Defense
1 - 34% - 35% - 15:17
2 - 33% - 33% - 14:44
3 - 31% - 28% - 13:33
4 - 2% - 4% - 0:44
PP Forward
1 - 60% - 52% - 4:47
2 - 40% - 48% - 3:09
PP Defense
1 - 46% - 53% - 3:39
2 - 54% - 47% - 4:17
PK Forward
1 - 40% - 51% - 2:59
2 - 60% - 49% - 4:30
PK Defense
1 - 62% - 52% - 4:40
2 - 38% - 48% - 2:49
PK3 Forward
1 - 0% - 55%
2 - 0% - 45%
PK3 Defense
1 - 0% - 55%
2 - 0% - 45%
44 Forward
1 - 0% - 52%
2 - 0% - 48%
44 Defense
1 - 0% - 55%
2 - 0% - 45%
Last Minute Offensive  - 0:17
Last Minute Defensive  - 0:00
Total
Forward - 60:00
Defense - 60:00

% Time on Ice - OAKLAND GORILLAS

Lines # - Real PCT - Wanted PCT - Time Play
Normal Forward
1 - 33% - 36% - 14:30
2 - 29% - 31% - 12:47
3 - 32% - 23% - 14:07
4 - 7% - 10% - 3:11
Normal Defense
1 - 37% - 36% - 16:42
2 - 33% - 31% - 14:36
3 - 25% - 23% - 11:01
4 - 5% - 10% - 2:16
PP Forward
1 - 58% - 55% - 4:22
2 - 42% - 45% - 3:07
PP Defense
1 - 58% - 55% - 4:22
2 - 42% - 45% - 3:07
PK Forward
1 - 63% - 55% - 4:59
2 - 37% - 45% - 2:57
PK Defense
1 - 52% - 55% - 4:09
2 - 48% - 45% - 3:47
PK3 Forward
1 - 0% - 55%
2 - 0% - 45%
PK3 Defense
1 - 0% - 55%
2 - 0% - 45%
44 Forward
1 - 0% - 55%
2 - 0% - 45%
44 Defense
1 - 0% - 55%
2 - 0% - 45%
Last Minute Offensive  - 0:00
Last Minute Defensive  - 0:00
Total
Forward - 60:00
Defense - 60:00

Play-by-Play

1st period


0:01 of 1st period - Brock Nelson wins face-off versus Brayden Schenn in neutral zone.
0:09 of 1st period - Icing by Jonathan Audy-Marchessault.
0:10 of 1st period - Patrik Laine wins face-off versus Brayden Schenn in WINNIPEG BEAVERS zone.
2:34 of 1st period - Colton Sissons is hit by Jeremy Lauzon and loses puck.
2:37 of 1st period - Shot by Colton Sissons.
2:37 of 1st period - Stopped by Logan Thompson without a rebound.
2:38 of 1st period - Mavrik Bourque wins face-off versus Nick Cousins in WINNIPEG BEAVERS zone.
2:43 of 1st period - Shot by Brock Nelson.
2:43 of 1st period - Shot Misses the Net.
3:00 of 1st period - Cameron York is hit by Seth Jones and loses puck.
3:24 of 1st period - Icing by Alex Pietrangelo.
3:25 of 1st period - Eric Robinson wins face-off versus Brayden Schenn in OAKLAND GORILLAS zone.
3:30 of 1st period - Scott Mayfield is hit by Eric Robinson and loses puck.
4:31 of 1st period - Shot by Marcus Foligno.
4:31 of 1st period - Stopped by Elvis Merzlikins without a rebound.
4:32 of 1st period - Sean Kuraly wins face-off versus Logan Couture in OAKLAND GORILLAS zone.
4:32 of 1st period - Sean Kuraly is hit by Dante Fabbro.
4:39 of 1st period - Off-side.
4:40 of 1st period - Logan Couture wins face-off versus Sean Kuraly in neutral zone.
4:45 of 1st period - Shot by Logan Couture.
4:45 of 1st period - Shot Misses the Net.
5:17 of 1st period - Icing by Sean Kuraly.
5:18 of 1st period - Sean Kuraly wins face-off versus Brock Nelson in WINNIPEG BEAVERS zone.
5:46 of 1st period - Alex Killorn is hit by Seth Jones and loses puck.
5:49 of 1st period - Shot by Alex Killorn.
5:49 of 1st period - Shot Misses the Net.
5:51 of 1st period - Shot by Colton Sissons.
5:51 of 1st period - Shot Misses the Net.
6:53 of 1st period - Shot by Nico Hischier.
6:53 of 1st period - Stopped by Logan Thompson without a rebound.
6:54 of 1st period - Logan Couture wins face-off versus Nikolaj Ehlers in WINNIPEG BEAVERS zone.
7:24 of 1st period - Icing by Jeremy Lauzon.
7:25 of 1st period - Brayden Schenn wins face-off versus Colton Sissons in WINNIPEG BEAVERS zone.
7:34 of 1st period - Alex Pietrangelo is hit by Jonathan Audy-Marchessault and loses puck.
7:49 of 1st period - Off-side.
7:50 of 1st period - Sam Bennett wins face-off versus Nico Hischier in neutral zone.
7:57 of 1st period - Shot by James van Riemsdyk.
7:57 of 1st period - Shot Misses the Net.
7:59 of 1st period - Shot by Sam Bennett.
7:59 of 1st period - Deflect By James van Riemsdyk.
7:59 of 1st period - Goal by James van Riemsdyk - WINNIPEG BEAVERS : 1 - OAKLAND GORILLAS : 0.
8:00 of 1st period - Marcus Foligno wins face-off versus Mavrik Bourque in neutral zone.
8:11 of 1st period - Minor Penalty to Sam Bennett for Boarding.
8:12 of 1st period - Colton Sissons wins face-off versus Cal Clutterbuck in WINNIPEG BEAVERS zone.
8:12 of 1st period - Colton Sissons is hit by Victor Hedman.
8:15 of 1st period - Brock Nelson is hit by Victor Hedman and loses puck.
8:25 of 1st period - Shot by Alex Pietrangelo.
8:25 of 1st period - Stopped by Logan Thompson without a rebound.
8:26 of 1st period - Nico Hischier wins face-off versus Sean Kuraly in WINNIPEG BEAVERS zone.
9:39 of 1st period - Shot by Alex Pietrangelo.
9:39 of 1st period - Shot Misses the Net.
9:41 of 1st period - Shot by Alex Pietrangelo.
9:41 of 1st period - Stopped by Logan Thompson with a rebound.
9:43 of 1st period - Shot by Alex Pietrangelo.
9:43 of 1st period - Goal by Alex Pietrangelo - WINNIPEG BEAVERS : 1 - OAKLAND GORILLAS : 1.
9:44 of 1st period - Logan Couture wins face-off versus Brayden Schenn in neutral zone.
10:06 of 1st period - Shot by Michael Eyssimont.
10:06 of 1st period - Stopped by Logan Thompson without a rebound.
10:07 of 1st period - Nick Cousins wins face-off versus Brock Nelson in WINNIPEG BEAVERS zone.
10:11 of 1st period - John Carlson is hit by Cameron York and loses puck.
10:16 of 1st period - Shot by Kiefer Sherwood.
10:16 of 1st period - Stopped by Elvis Merzlikins with a rebound.
11:18 of 1st period - Minor Penalty to Cameron York for Interference.
11:19 of 1st period - Brayden Schenn wins face-off versus Michael Eyssimont in OAKLAND GORILLAS zone.
12:22 of 1st period - Shot by Sam Bennett.
12:22 of 1st period - Deflect By Nikolaj Ehlers.
12:22 of 1st period - Shot Misses the Net.
12:38 of 1st period - Shot by Adam Larsson.
12:38 of 1st period - Stopped by Elvis Merzlikins without a rebound.
12:39 of 1st period - Alex Killorn wins face-off versus Brayden Schenn in OAKLAND GORILLAS zone.
13:30 of 1st period - Shot by Alexander Holtz.
13:30 of 1st period - Stopped by Logan Thompson with a rebound.
13:32 of 1st period - Shot by Cameron York.
13:32 of 1st period - Shot Misses the Net.
13:39 of 1st period - Logan Couture is hit by Jeremy Lauzon and loses puck.
14:17 of 1st period - Off-side.
14:18 of 1st period - Sam Bennett wins face-off versus Mavrik Bourque in neutral zone.
15:16 of 1st period - Shot by Andrew Cogliano.
15:16 of 1st period - Shot Misses the Net.
15:18 of 1st period - Shot by Nico Hischier.
15:18 of 1st period - Shot Blocked by John Carlson.
15:20 of 1st period - Shot by Nico Hischier.
15:20 of 1st period - Stopped by Logan Thompson with a rebound.
15:22 of 1st period - Shot by Justin Holl.
15:22 of 1st period - Stopped by Logan Thompson without a rebound.
15:23 of 1st period - Brayden Schenn wins face-off versus Alexander Holtz in WINNIPEG BEAVERS zone.
15:23 of 1st period - Brayden Schenn is hit by Michael Eyssimont.
15:26 of 1st period - Icing by Victor Hedman.
15:27 of 1st period - Brayden Schenn wins face-off versus Alexander Holtz in WINNIPEG BEAVERS zone.
15:36 of 1st period - Shot by Brayden Schenn.
15:36 of 1st period - Shot Misses the Net.
15:38 of 1st period - Shot by Victor Hedman.
15:38 of 1st period - Shot Misses the Net.
15:39 of 1st period - Minor Penalty to Vincent Desharnais for Holding.
15:40 of 1st period - Brayden Schenn wins face-off versus Brock Nelson in OAKLAND GORILLAS zone.
15:41 of 1st period - Shot by John Carlson.
15:41 of 1st period - Shot Misses the Net.
15:55 of 1st period - Shot by John Carlson.
15:55 of 1st period - Shot Misses the Net.
16:15 of 1st period - Shot by John Carlson.
16:15 of 1st period - Shot Misses the Net.
16:17 of 1st period - Shot by Victor Hedman.
16:17 of 1st period - Shot Misses the Net.
16:19 of 1st period - Shot by Jonathan Audy-Marchessault.
16:19 of 1st period - Stopped by Elvis Merzlikins without a rebound.
16:20 of 1st period - Sam Bennett wins face-off versus Alex Killorn in OAKLAND GORILLAS zone.
16:27 of 1st period - Shot by Seth Jones.
16:27 of 1st period - Shot Misses the Net.
16:29 of 1st period - Shot by Nikolaj Ehlers.
16:29 of 1st period - Shot Misses the Net.
16:31 of 1st period - Shot by Adam Larsson.
16:31 of 1st period - Stopped by Elvis Merzlikins without a rebound.
16:32 of 1st period - Sam Bennett wins face-off versus Alex Killorn in OAKLAND GORILLAS zone.
18:08 of 1st period - Shot by Kiefer Sherwood.
18:08 of 1st period - Shot Misses the Net.
18:12 of 1st period - Shot by Kiefer Sherwood.
18:12 of 1st period - Stopped by Elvis Merzlikins without a rebound.
18:13 of 1st period - Nico Hischier wins face-off versus Sean Kuraly in OAKLAND GORILLAS zone.
18:22 of 1st period - Shot by Nico Hischier.
18:22 of 1st period - Shot Misses the Net.
18:36 of 1st period - Shot by Andrew Cogliano.
18:36 of 1st period - Deflect By Nico Hischier.
18:36 of 1st period - Stopped by Logan Thompson with a rebound.
19:12 of 1st period - Shot by Colton Sissons.
19:12 of 1st period - Shot Misses the Net.
Goals for this period are 1 for WINNIPEG BEAVERS vs 1 for OAKLAND GORILLAS.
Shots for this period are 7 for WINNIPEG BEAVERS vs 10 for OAKLAND GORILLAS.

2nd period


0:01 of 2nd period - Brock Nelson wins face-off versus Sam Bennett in neutral zone.
0:05 of 2nd period - Off-side.
0:06 of 2nd period - Brayden Schenn wins face-off versus Brock Nelson in neutral zone.
0:29 of 2nd period - Shot by Brayden Schenn.
0:29 of 2nd period - Deflect By Jonathan Audy-Marchessault.
0:29 of 2nd period - Stopped by Elvis Merzlikins without a rebound.
0:30 of 2nd period - Sam Bennett wins face-off versus Nico Hischier in OAKLAND GORILLAS zone.
0:30 of 2nd period - Sam Bennett is hit by Cameron York.
0:52 of 2nd period - Shot by Sam Bennett.
0:52 of 2nd period - Shot Blocked by Alex Pietrangelo.
1:42 of 2nd period - Seth Jones is hit by Alex Killorn and loses puck.
1:46 of 2nd period - Icing by Seth Jones.
1:47 of 2nd period - Logan Couture wins face-off versus Brayden Schenn in WINNIPEG BEAVERS zone.
1:59 of 2nd period - Icing by Nikolaj Ehlers.
2:00 of 2nd period - Brock Nelson wins face-off versus Brayden Schenn in WINNIPEG BEAVERS zone.
2:28 of 2nd period - Shot by Brayden Schenn.
2:28 of 2nd period - Shot Blocked by Alex Pietrangelo.
2:30 of 2nd period - Shot by Brayden Schenn.
2:30 of 2nd period - Shot Misses the Net.
3:06 of 2nd period - Shot by Brandon Saad.
3:06 of 2nd period - Stopped by Elvis Merzlikins without a rebound.
3:07 of 2nd period - Nico Hischier wins face-off versus Sam Bennett in OAKLAND GORILLAS zone.
3:46 of 2nd period - Shot by Andrew Cogliano.
3:46 of 2nd period - Deflect By Nico Hischier.
3:46 of 2nd period - Stopped by Logan Thompson with a rebound.
4:29 of 2nd period - Logan Couture is hit by Sean Kuraly and loses puck.
4:52 of 2nd period - Shot by Seth Jones.
4:52 of 2nd period - Stopped by Elvis Merzlikins without a rebound.
4:53 of 2nd period - Brayden Schenn wins face-off versus Brock Nelson in OAKLAND GORILLAS zone.
4:54 of 2nd period - Shot by Jonathan Audy-Marchessault.
4:54 of 2nd period - Stopped by Elvis Merzlikins without a rebound.
4:55 of 2nd period - Brock Nelson wins face-off versus Brayden Schenn in OAKLAND GORILLAS zone.
5:14 of 2nd period - Shot by Jonathan Audy-Marchessault.
5:14 of 2nd period - Stopped by Elvis Merzlikins without a rebound.
5:15 of 2nd period - Cal Clutterbuck wins face-off versus Nico Hischier in OAKLAND GORILLAS zone.
5:15 of 2nd period - Cal Clutterbuck is hit by Vincent Desharnais.
5:23 of 2nd period - Shot by Sean Kuraly.
5:23 of 2nd period - Shot Blocked by Vincent Desharnais.
5:34 of 2nd period - Nico Hischier is hit by Seth Jones and loses puck.
5:50 of 2nd period - Andrew Cogliano is hit by Seth Jones and loses puck.
5:51 of 2nd period - Minor Penalty to Victor Hedman for Slashing.
5:52 of 2nd period - Sam Bennett wins face-off versus Brock Nelson in WINNIPEG BEAVERS zone.
6:06 of 2nd period - Icing by Cameron York.
6:07 of 2nd period - Colton Sissons wins face-off versus Sam Bennett in OAKLAND GORILLAS zone.
6:33 of 2nd period - Alex Killorn is hit by Sean Kuraly and loses puck.
8:02 of 2nd period - Shot by Alexander Holtz.
8:02 of 2nd period - Goal by Alexander Holtz - WINNIPEG BEAVERS : 1 - OAKLAND GORILLAS : 2.
8:03 of 2nd period - Logan Couture wins face-off versus Brayden Schenn in neutral zone.
8:03 of 2nd period - Logan Couture is hit by Jonathan Audy-Marchessault.
8:17 of 2nd period - Minor Penalty to Alexander Holtz for High sticking.
8:18 of 2nd period - Brock Nelson wins face-off versus Sam Bennett in OAKLAND GORILLAS zone.
8:45 of 2nd period - Shot by Victor Hedman.
8:45 of 2nd period - Stopped by Elvis Merzlikins without a rebound.
8:46 of 2nd period - Brock Nelson wins face-off versus Brayden Schenn in OAKLAND GORILLAS zone.
9:03 of 2nd period - Shot by Brandon Saad.
9:03 of 2nd period - Deflect By Jonathan Audy-Marchessault.
9:03 of 2nd period - Stopped by Elvis Merzlikins without a rebound.
9:04 of 2nd period - Alex Killorn wins face-off versus Sam Bennett in OAKLAND GORILLAS zone.
9:15 of 2nd period - Shot by Sam Bennett.
9:15 of 2nd period - Stopped by Elvis Merzlikins without a rebound.
9:16 of 2nd period - Brock Nelson wins face-off versus Jonathan Audy-Marchessault in OAKLAND GORILLAS zone.
9:36 of 2nd period - Icing by Brayden Schenn.
9:37 of 2nd period - Alex Killorn wins face-off versus Brayden Schenn in WINNIPEG BEAVERS zone.
10:29 of 2nd period - Shot by Michael Eyssimont.
10:29 of 2nd period - Stopped by Logan Thompson with a rebound.
10:31 of 2nd period - Shot by Logan Couture.
10:31 of 2nd period - Deflect By Michael Eyssimont.
10:31 of 2nd period - Shot Misses the Net.
10:39 of 2nd period - Shot by Michael Eyssimont.
10:39 of 2nd period - Shot Misses the Net.
11:30 of 2nd period - Brock Nelson is hit by Jeremy Lauzon and loses puck.
12:06 of 2nd period - Minor Penalty to Jeremy Lauzon for Holding.
12:07 of 2nd period - Nico Hischier wins face-off versus Sean Kuraly in WINNIPEG BEAVERS zone.
12:17 of 2nd period - Icing by Vincent Desharnais.
12:18 of 2nd period - Sean Kuraly wins face-off versus Nico Hischier in OAKLAND GORILLAS zone.
14:12 of 2nd period - Shot by Nikolaj Ehlers.
14:12 of 2nd period - Shot Misses the Net.
14:20 of 2nd period - Shot by Brayden Schenn.
14:20 of 2nd period - Shot Misses the Net.
14:22 of 2nd period - Shot by Jonathan Audy-Marchessault.
14:22 of 2nd period - Goal by Jonathan Audy-Marchessault - WINNIPEG BEAVERS : 2 - OAKLAND GORILLAS : 2.
14:23 of 2nd period - Mavrik Bourque wins face-off versus Nick Cousins in neutral zone.
15:01 of 2nd period - Icing by Adam Larsson.
15:02 of 2nd period - Logan Couture wins face-off versus Nick Cousins in WINNIPEG BEAVERS zone.
15:52 of 2nd period - Icing by Adam Larsson.
15:53 of 2nd period - Nick Cousins wins face-off versus Nico Hischier in WINNIPEG BEAVERS zone.
16:20 of 2nd period - Shot by Nico Hischier.
16:20 of 2nd period - Stopped by Logan Thompson with a rebound.
16:22 of 2nd period - Shot by Nico Hischier.
16:22 of 2nd period - Stopped by Logan Thompson without a rebound.
16:23 of 2nd period - Sean Kuraly wins face-off versus Brock Nelson in WINNIPEG BEAVERS zone.
16:23 of 2nd period - Sean Kuraly is hit by Brock Nelson.
16:26 of 2nd period - Brandon Saad is hit by Alex Killorn and loses puck.
16:52 of 2nd period - Shot by Brandon Saad.
16:52 of 2nd period - Stopped by Elvis Merzlikins without a rebound.
16:53 of 2nd period - Logan Couture wins face-off versus Brayden Schenn in OAKLAND GORILLAS zone.
17:21 of 2nd period - Shot by Cameron York.
17:21 of 2nd period - Shot Misses the Net.
17:27 of 2nd period - Shot by Cameron York.
17:27 of 2nd period - Shot Misses the Net.
17:29 of 2nd period - Shot by Cameron York.
17:29 of 2nd period - Stopped by Logan Thompson without a rebound.
17:30 of 2nd period - Brock Nelson wins face-off versus Sam Bennett in WINNIPEG BEAVERS zone.
18:01 of 2nd period - Sam Bennett is hit by Dmitri Orlov and loses puck.
18:04 of 2nd period - Shot by Scott Mayfield.
18:04 of 2nd period - Stopped by Elvis Merzlikins without a rebound.
18:05 of 2nd period - Nico Hischier wins face-off versus Sean Kuraly in OAKLAND GORILLAS zone.
19:12 of 2nd period - Shot by Jonathan Audy-Marchessault.
19:12 of 2nd period - Stopped by Elvis Merzlikins without a rebound.
19:13 of 2nd period - Logan Couture wins face-off versus Brayden Schenn in OAKLAND GORILLAS zone.
19:59 of 2nd period - Icing by Adam Larsson.
Goals for this period are 1 for WINNIPEG BEAVERS vs 1 for OAKLAND GORILLAS.
Shots for this period are 12 for WINNIPEG BEAVERS vs 6 for OAKLAND GORILLAS.

3rd period


0:01 of 3rd period - Brock Nelson wins face-off versus Brayden Schenn in neutral zone.
0:08 of 3rd period - Shot by Brock Nelson.
0:08 of 3rd period - Stopped by Logan Thompson without a rebound.
0:09 of 3rd period - Brayden Schenn wins face-off versus Brock Nelson in WINNIPEG BEAVERS zone.
0:23 of 3rd period - Shot by Alex Killorn.
0:23 of 3rd period - Goal by Alex Killorn - WINNIPEG BEAVERS : 2 - OAKLAND GORILLAS : 3.
0:24 of 3rd period - Nico Hischier wins face-off versus Sam Bennett in neutral zone.
0:26 of 3rd period - Patrik Laine is hit by John Carlson and loses puck.
0:45 of 3rd period - Shot by Patrik Laine.
0:45 of 3rd period - Stopped by Logan Thompson without a rebound.
0:46 of 3rd period - Brayden Schenn wins face-off versus Brock Nelson in WINNIPEG BEAVERS zone.
1:14 of 3rd period - Icing by Seth Jones.
1:15 of 3rd period - Brayden Schenn wins face-off versus Nico Hischier in WINNIPEG BEAVERS zone.
2:36 of 3rd period - Minor Penalty to Jeremy Lauzon for Hooking.
2:37 of 3rd period - Brock Nelson wins face-off versus Sean Kuraly in WINNIPEG BEAVERS zone.
3:11 of 3rd period - Shot by Alex Pietrangelo.
3:11 of 3rd period - Shot Misses the Net.
3:13 of 3rd period - Shot by Brock Nelson.
3:13 of 3rd period - Stopped by Logan Thompson without a rebound.
3:14 of 3rd period - Brock Nelson wins face-off versus Sam Bennett in WINNIPEG BEAVERS zone.
3:39 of 3rd period - Shot by Alex Killorn.
3:39 of 3rd period - Deflect By Brock Nelson.
3:39 of 3rd period - Stopped by Logan Thompson without a rebound.
3:40 of 3rd period - Nico Hischier wins face-off versus Sam Bennett in WINNIPEG BEAVERS zone.
3:45 of 3rd period - Shot by Patrik Laine.
3:45 of 3rd period - Shot Misses the Net.
3:47 of 3rd period - Shot by Andrew Cogliano.
3:47 of 3rd period - Shot Blocked by Seth Jones.
3:49 of 3rd period - Shot by Vincent Desharnais.
3:49 of 3rd period - Shot Misses the Net.
3:51 of 3rd period - Shot by Vincent Desharnais.
3:51 of 3rd period - Shot Hit the Post.
3:53 of 3rd period - Shot by Nico Hischier.
3:53 of 3rd period - Stopped by Logan Thompson without a rebound.
3:54 of 3rd period - Sean Kuraly wins face-off versus Brock Nelson in WINNIPEG BEAVERS zone.
4:15 of 3rd period - Shot by Alex Pietrangelo.
4:15 of 3rd period - Stopped by Logan Thompson without a rebound.
4:16 of 3rd period - Nico Hischier wins face-off versus Sean Kuraly in WINNIPEG BEAVERS zone.
4:19 of 3rd period - Shot by Patrik Laine.
4:19 of 3rd period - Stopped by Logan Thompson without a rebound.
4:20 of 3rd period - Sean Kuraly wins face-off versus Nico Hischier in WINNIPEG BEAVERS zone.
5:06 of 3rd period - Nick Cousins is hit by Justin Holl and loses puck.
5:22 of 3rd period - Off-side.
5:23 of 3rd period - Brandon Saad wins face-off versus Alex Killorn in neutral zone.
5:26 of 3rd period - Minor Penalty to Cameron York for Holding.
5:27 of 3rd period - Brock Nelson wins face-off versus Brayden Schenn in OAKLAND GORILLAS zone.
5:40 of 3rd period - Nico Hischier is hit by Brayden Schenn and loses puck.
7:28 of 3rd period - Shot by Jonathan Audy-Marchessault.
7:28 of 3rd period - Stopped by Elvis Merzlikins with a rebound.
7:30 of 3rd period - Shot by Nick Cousins.
7:30 of 3rd period - Shot Blocked by Cameron York.
7:44 of 3rd period - Shot by Nick Cousins.
7:44 of 3rd period - Stopped by Elvis Merzlikins with a rebound.
7:49 of 3rd period - Icing by Cameron York.
7:50 of 3rd period - Logan Couture wins face-off versus Sean Kuraly in OAKLAND GORILLAS zone.
7:55 of 3rd period - Cal Clutterbuck is hit by Michael Eyssimont and loses puck.
8:53 of 3rd period - Icing by Michael Eyssimont.
8:54 of 3rd period - Logan Couture wins face-off versus Sam Bennett in OAKLAND GORILLAS zone.
8:54 of 3rd period - Michael Eyssimont is hit by Marcus Foligno and loses puck.
9:03 of 3rd period - Shot by James van Riemsdyk.
9:03 of 3rd period - Shot Blocked by Cameron York.
9:05 of 3rd period - Shot by Marcus Foligno.
9:05 of 3rd period - Shot Misses the Net.
9:07 of 3rd period - Shot by Marcus Foligno.
9:07 of 3rd period - Shot Blocked by Cameron York.
9:30 of 3rd period - Shot by Marcus Foligno.
9:30 of 3rd period - Stopped by Elvis Merzlikins without a rebound.
9:31 of 3rd period - Brock Nelson wins face-off versus Brayden Schenn in OAKLAND GORILLAS zone.
10:07 of 3rd period - Shot by Seth Jones.
10:07 of 3rd period - Deflect By Jonathan Audy-Marchessault.
10:07 of 3rd period - Stopped by Elvis Merzlikins with a rebound.
10:09 of 3rd period - Shot by Victor Hedman.
10:09 of 3rd period - Stopped by Elvis Merzlikins with a rebound.
10:42 of 3rd period - Icing by Nico Hischier.
10:43 of 3rd period - Sam Bennett wins face-off versus Nico Hischier in OAKLAND GORILLAS zone.
10:45 of 3rd period - Marcus Foligno is hit by Alex Pietrangelo and loses puck.
11:23 of 3rd period - Shot by Nico Hischier.
11:23 of 3rd period - Stopped by Logan Thompson without a rebound.
11:24 of 3rd period - Sean Kuraly wins face-off versus Mavrik Bourque in WINNIPEG BEAVERS zone.
11:52 of 3rd period - Shot by Brock Nelson.
11:52 of 3rd period - Stopped by Logan Thompson without a rebound.
11:53 of 3rd period - Brayden Schenn wins face-off versus Brock Nelson in WINNIPEG BEAVERS zone.
12:08 of 3rd period - Shot by Jonathan Audy-Marchessault.
12:08 of 3rd period - Stopped by Elvis Merzlikins with a rebound.
12:10 of 3rd period - Shot by Victor Hedman.
12:10 of 3rd period - Deflect By Jonathan Audy-Marchessault.
12:10 of 3rd period - Stopped by Elvis Merzlikins without a rebound.
12:11 of 3rd period - Sam Bennett wins face-off versus Nico Hischier in OAKLAND GORILLAS zone.
12:27 of 3rd period - Shot by James van Riemsdyk.
12:27 of 3rd period - Stopped by Elvis Merzlikins without a rebound.
12:28 of 3rd period - Alexander Holtz wins face-off versus Brayden Schenn in OAKLAND GORILLAS zone.
13:55 of 3rd period - Shot by Brock Nelson.
13:55 of 3rd period - Shot Misses the Net.
14:02 of 3rd period - Colton Sissons is hit by Adam Larsson and loses puck.
14:10 of 3rd period - Alex Killorn is hit by John Carlson and loses puck.
14:35 of 3rd period - Shot by Andrew Cogliano.
14:35 of 3rd period - Stopped by Logan Thompson without a rebound.
14:36 of 3rd period - Sean Kuraly wins face-off versus Nico Hischier in WINNIPEG BEAVERS zone.
15:29 of 3rd period - Off-side.
15:30 of 3rd period - Brayden Schenn wins face-off versus Brock Nelson in neutral zone.
15:33 of 3rd period - Colton Sissons is hit by Brayden Schenn and loses puck.
15:46 of 3rd period - Shot by Jonathan Audy-Marchessault.
15:46 of 3rd period - Stopped by Elvis Merzlikins with a rebound.
16:08 of 3rd period - Shot by Jonathan Audy-Marchessault.
16:08 of 3rd period - Stopped by Elvis Merzlikins with a rebound.
16:10 of 3rd period - Shot by Nikolaj Ehlers.
16:10 of 3rd period - Stopped by Elvis Merzlikins without a rebound.
16:11 of 3rd period - Michael Eyssimont wins face-off versus Nick Cousins in OAKLAND GORILLAS zone.
16:30 of 3rd period - Shot by Kiefer Sherwood.
16:30 of 3rd period - Shot Misses the Net.
17:13 of 3rd period - Icing by Marcus Foligno.
17:14 of 3rd period - Sam Bennett wins face-off versus Brock Nelson in WINNIPEG BEAVERS zone.
17:14 of 3rd period - Sam Bennett is hit by Colton Sissons.
17:32 of 3rd period - Shot by James van Riemsdyk.
17:32 of 3rd period - Stopped by Elvis Merzlikins without a rebound.
17:33 of 3rd period - Nico Hischier wins face-off versus Sean Kuraly in OAKLAND GORILLAS zone.
18:34 of 3rd period - Shot by Brayden Schenn.
18:34 of 3rd period - Shot Blocked by Dante Fabbro.
18:56 of 3rd period - Shot by Jonathan Audy-Marchessault.
18:56 of 3rd period - Stopped by Elvis Merzlikins without a rebound.
18:57 of 3rd period - Brock Nelson wins face-off versus Marcus Foligno in OAKLAND GORILLAS zone.
19:06 of 3rd period - WINNIPEG BEAVERS, Logan Thompson is pulled from the net.
19:18 of 3rd period - Shot by Sam Bennett.
19:18 of 3rd period - Shot Blocked by Brock Nelson.
19:48 of 3rd period - Shot by Jonathan Audy-Marchessault.
19:48 of 3rd period - Shot Misses the Net.
Goals for this period are 0 for WINNIPEG BEAVERS vs 1 for OAKLAND GORILLAS.
Shots for this period are 13 for WINNIPEG BEAVERS vs 11 for OAKLAND GORILLAS.


MATTHEW
TKACHUK
TOM
WILSON
JAKE
GUENTZEL